 Dungeon Crawl Stone Soup version 0.31-a0-232-gb1c03b2570 (webtiles) character file.

Game seed: 11060515745081543595

19821 qw the Skirmisher (level 12, 0/77 HPs)
             Began as a Gargoyle Hexslinger on July 7, 2023.
             Was an Elder of Okawaru.
             Slain by a death yak (10 damage)
             ... on level 3 of the Lair of Beasts.
             The game lasted 00:03:44 (9726 turns).

qw the Skirmisher (Gargoyle Hexslinger)             Turns: 9726, Time: 00:03:45

Health: 0/77       AC: 23    Str: 12    XL:     12   Next: 73%
Magic:  19/19      EV: 17    Int: 18    God:    Okawaru [****..]
Gold:   313        SH:  5    Dex: 16    Spells: 12/13 levels left

rFire   . . .        Y - +6 arbalest (freeze)
rCold   . . .        (shield currently unavailable)
rNeg    + . .        k - +0 steam dragon scales
rPois   inf          g - +1 helmet {Int+3}
rElec   +            m - +0 cloak
rCorr   .            h - +0 pair of gloves
SInv    .            f - +0 pair of boots
Will    +....        l - amulet of reflection
Stlth   +++          j - ring of willpower
HPRegen 0.32/turn    (no ring)
MPRegen 0.16/turn

%: reflection
@: heroic
A: sickness immunity, AC +8, negative energy resistance 1, electricity
resistance, torment resistance 1, petrification resistance
a: Renounce Religion, Heroism, Finesse


You were on level 3 of the Lair of Beasts.
You worshipped Okawaru.
Okawaru was greatly pleased with you.
You visited 2 branches of the dungeon, and saw 11 of its levels.

You collected 778 gold pieces.
You spent 465 gold pieces at shops.


Innate Abilities, Weirdness & Mutations

You are immune to sickness and miasma.
Your stone body is resilient. (AC +8)
You are immune to poison.
You resist negative energy. (rN+)
You are resistant to electric shocks. (rElec)
You are resistant to unholy torment.
You are immune to petrification.


   Skills:
 - Level 10.0(15.0) Fighting
 + Level 14.9(19.9) Ranged Weapons
 - Level 6.0(11.0) Armour
 - Level 4.0(9.0) Dodging
 - Level 1.0 Spellcasting
 - Level 2.6 Hexes
 + Level 9.6 Invocations


You had 12 spell levels left.
You knew the following spells:

 Your Spells              Type           Power      Damage    Failure   Level
a - Slow                  Hex            40%        N/A       7%          1

Your spell library contained the following spells:

 Spells                   Type           Power      Damage    Failure   Level
 Inner Flame              Hex/Fire       5%         N/A       34%         3
 Portal Projectile        Hex/Tloc       10%        N/A       34%         3
 Cause Fear               Hex            5%         N/A       54%         4

Inventory:

Hand Weapons
 Y - a +6 arbalest of freezing (weapon)
Armour
 f - a +0 pair of boots (worn)
 g - a +1 helmet of intelligence (worn)
 h - a +0 pair of gloves (worn)
 k - +0 steam dragon scales (worn)
 m - a +0 cloak (worn)
Jewellery
 j - a ring of willpower (left hand)
 l - an amulet of reflection (around neck)
Scrolls
 c - 8 scrolls of identify
Potions
 d - 7 potions of curing
 e - a potion of cancellation
 i - a potion of enlightenment

Dungeon Overview and Level Annotations

Branches:
Dungeon (8/15)             Temple (0/1) D:7            Lair (3/5) D:8
 Shoals (0/4) Lair:2        Snake (0/4) Lair:2

Altars:
Cheibriados
Okawaru
Trog
Uskayaw
Vehumet
Wu Jian
Zin

Shops:
D:3 (   D:8 *

Annotations:
D:3 3 runed translucent doors, qw's ghost, amateur GrHs


Message History

The death yak gores you!
The death yak gores you but does no damage.
9716 ||| DRINKING 2 potions of heal wounds.
You feel much better. The death yak gores you! The death yak gores you.
9717 ||| DRINKING potion of heal wounds.
You feel much better. The death yak barely misses you.
The death yak gores you but does no damage.
You shoot a bolt. The bolt barely misses the death yak.
You block the death yak's attack. The death yak gores you.
You shoot a bolt.
The bolt hits the death yak but does no damage.
The death yak is heavily wounded.
The death yak gores you but does no damage.
The death yak gores you.
You shoot a bolt. The bolt hits the death yak!
The bolt freezes the death yak.
The death yak is severely wounded.
The death yak completely misses you. You block the death yak's attack.
You shoot a bolt. The bolt hits the death yak!
The bolt freezes the death yak.
The death yak is almost dead.
The death yak barely misses you. The death yak closely misses you.
You shoot a bolt. The bolt hits the death yak!
The bolt freezes the death yak.
The death yak is almost dead.
The death yak gores you but does no damage.
You block the death yak's attack.
You shoot a bolt. The bolt hits the death yak!!
The bolt freezes the death yak.
You kill the death yak!
Okawaru accepts your kill. The death yak closely misses you.
You shoot a bolt.
The bolt hits the death yak but does no damage.
The death yak gores you!!
You shoot a bolt. The bolt hits the death yak!
The bolt freezes the death yak.
The death yak is moderately wounded.
You block the death yak's attack.
You shoot a bolt. The bolt hits the death yak!
The bolt freezes the death yak.
The death yak is heavily wounded.
The death yak gores you!
You die...

........ #....#.# .
#...... .. #.....##
... #....P.#....
#...........
#...Y%......
#...@%......
#.....######
#....## #....##
###### #....P#
###....## #.....#
##.......# #.....#
#........####....##
.P........##.....#


You could see a death yak.

Vanquished Creatures
  3 hydras
  4 death yaks (Lair:3)
  3 black mambas
  4 elephants
  5 cane toads
  Maggie (Lair:2)
  3 rime drakes
  6 komodo dragons
  A hornet (D:7)
  A polar bear (Lair:2)
  5 blink frogs (Lair:3)
  2 dream sheep (Lair:1)
  3 wyverns
  13 yaks
  A basilisk (Lair:1)
  A steam dragon (D:7)
  13 water moccasins
  An orc warrior (D:6)
  2 sky beasts
  An ice beast (D:4)
  4 wolves (Lair:1)
  4 ogres
  A phantom (D:6)
  A kobold brigand (D:8)
  11 bullfrogs
  2 scorpions
  5 wights (D:8)
  6 killer bees (D:8)
  5 howler monkeys
  2 orc priests
  3 hounds (D:4)
  5 jellies
  A sleepcap (D:7)
  A gnoll bouda (D:4)
  4 iguanas
  8 orc wizards
  19 gnolls (D:4)
  8 adders
  2 ufetubi
  3 worms
  2 dart slugs
  47 orcs
  5 ball pythons
  2 bats
  8 endoplasms
  2 giant cockroaches
  11 goblins
  7 hobgoblins
  13 jackals
  3 quokkas
  4 frilled lizards
  9 kobolds
  4 rats
285 creatures vanquished.

Notes
Turn   | Place    | Note
-------+----------+-------------------------------------------
     0 | D:1      | qw the Gargoyle Hexslinger began the quest for the Orb.
     0 | D:1      | Reached XP level 1. HP: 12/12 MP: 2/2
     0 | D:1      | 0 ||| qw: Version: 0.3-a-46-gb1f654a
     0 | D:1      | 0 ||| qw: Game counter: 2746
     0 | D:1      | 0 ||| qw: Melee chars always use a shield: true
     0 | D:1      | 0 ||| qw: God list: Okawaru
     0 | D:1      | 0 ||| qw: Allow faded altars: false
     0 | D:1      | 0 ||| qw: Do Orc after clearing Dungeon:15 true
     0 | D:1      | 0 ||| qw: Do second Lair branch before Depths: true
     0 | D:1      | 0 ||| qw: Lair rune preference: random
     0 | D:1      | 0 ||| qw: Goals: Normal
     0 | D:1      | 0 ||| PLANNING D:1-11
    44 | D:1      | Reached XP level 2. HP: 16/16 MP: 3/3
   268 | D:1      | Reached skill level 3 in Ranged Weapons
   762 | D:1      | 762 ||| UPGRADING to +0 leather armour.
   772 | D:1      | 772 ||| DROPPING +0 robe.
   773 | D:1      | 773 ||| READING scroll labelled UHUCHO KUUTIF.
   774 | D:1      | 774 ||| READING scroll labelled QOSUIKHLURIOM.
   775 | D:1      | 775 ||| READING scroll labelled COG WICICOI.
   776 | D:1      | 776 ||| READING scroll labelled VUONUT TAKATT.
   777 | D:1      | 777 ||| READING 2 scrolls labelled VANUESS KAINOCS.
   878 | D:1      | 878 ||| DRINKING 2 orange potions.
   879 | D:1      | 879 ||| DROPPING scroll of poison.
   880 | D:1      | 880 ||| DROPPING potion of brilliance.
   881 | D:1      | 881 ||| DROPPING scroll of silence.
  1091 | D:2      | Reached XP level 3. HP: 21/21 MP: 4/4
  1366 | D:2      | Reached XP level 4. HP: 27/27 MP: 5/5
  1767 | D:2      | 1767 ||| UPGRADING to +0 ring mail.
  1777 | D:2      | 1777 ||| DROPPING +0 leather armour.
  1778 | D:2      | 1778 ||| READING scroll labelled ZERON HYOBETUERO.
  1778 | D:2      | Identified a scroll of acquirement
  1778 | D:2      | 1778 ||| ACQUIRING +6 arbalest of flaming
  1778 | D:2      | Acquired a +6 arbalest of flaming
  1780 | D:2      | 1780 ||| SWAPPING to +6 arbalest of flaming.
  1781 | D:2      | 1781 ||| DROPPING +2 sling.
  1782 | D:2      | 1782 ||| READING scroll labelled CUFUOM YROZE.
  1783 | D:2      | 1783 ||| READING scroll labelled SURAUR BYDUONO.
  1784 | D:2      | 1784 ||| READING scroll labelled UCLIFU FISK.
  1908 | D:3      | Found a faded altar of an unknown god.
  1935 | D:3      | Reached skill level 4 in Ranged Weapons
  2037 | D:3      | Found a bloodstained altar of Trog.
  2104 | D:3      | Found a runed translucent gate.
  2111 | D:3      | Found a runed translucent gate.
  2112 | D:3      | Found a runed translucent gate.
  2116 | D:3      | Reached skill level 1 in Armour
  2128 | D:3      | Reached XP level 5. HP: 31/31 MP: 6/6
  2237 | D:3      | Noticed qw's ghost (amateur GrHs)
  2291 | D:3      | Found Gukerghie's Weapon Emporium.
  2472 | D:3      | 2472 ||| READING 3 scrolls of identify.
  2472 | D:3      | 2472 ||| IDENTIFYING viscous dark potion
  2473 | D:3      | 2473 ||| READING 2 scrolls of identify.
  2473 | D:3      | 2473 ||| IDENTIFYING golden potion
  2474 | D:3      | 2474 ||| DROPPING potion of berserk rage.
  2480 | D:4      | Noticed an ice beast
  2484 | D:4      | Killed an ice beast
  2485 | D:4      | Reached skill level 5 in Ranged Weapons
  2505 | D:4      | Noticed an ogre
  2505 | D:4      | Found an ornate altar of the Wu Jian Council.
  2507 | D:4      | Killed an ogre
  2508 | D:4      | Reached skill level 3 in Fighting
  2508 | D:4      | Reached XP level 6. HP: 38/38 MP: 7/7
  2541 | D:4      | Found Zin's Purification Station.
  2571 | D:4      | Found a glowing silver altar of Zin.
  2574 | D:4      | 2574 ||| BUYING potion of curing (90 gold).
  2574 | D:4      | Bought a potion of curing for 90 gold pieces
  2599 | D:4      | Found an iron altar of Okawaru.
  2600 | D:4      | 2600 ||| PLANNING OKAWARU WORSHIP
  2618 | D:4      | Became a worshipper of Warmaster Okawaru
  2619 | D:4      | 2619 ||| PLANNING D:1-11
  2622 | D:4      | Identified the +8 short sword of the Wilderness {venom, rC+
                  | Will+ Str-4}
  2659 | D:4      | Reached skill level 6 in Ranged Weapons
  2659 | D:4      | Reached XP level 7. HP: 42/42 MP: 8/8
  3064 | D:4      | 3064 ||| FLEEEEING.
  3066 | D:4      | 3066 ||| FLEEEEING.
  3067 | D:4      | 3067 ||| FLEEEEING.
  3068 | D:4      | 3068 ||| FLEEEEING.
  3069 | D:4      | 3069 ||| FLEEEEING.
  3070 | D:4      | 3070 ||| FLEEEEING.
  3071 | D:4      | 3071 ||| FLEEEEING.
  3072 | D:4      | 3072 ||| FLEEEEING.
  3073 | D:4      | 3073 ||| FLEEEEING.
  3074 | D:4      | 3074 ||| FLEEEEING.
  3075 | D:4      | 3075 ||| FLEEEEING.
  3076 | D:4      | 3076 ||| FLEEEEING.
  3077 | D:4      | 3077 ||| FLEEEEING.
  3078 | D:4      | 3078 ||| FLEEEEING.
  3079 | D:4      | 3079 ||| FLEEEEING.
  3080 | D:4      | 3080 ||| FLEEEEING.
  3081 | D:4      | 3081 ||| FLEEEEING.
  3082 | D:4      | 3082 ||| FLEEEEING.
  3083 | D:4      | 3083 ||| FLEEEEING.
  3084 | D:4      | 3084 ||| FLEEEEING.
  3085 | D:4      | 3085 ||| FLEEEEING.
  3086 | D:4      | 3086 ||| FLEEEEING.
  3237 | D:4      | Reached skill level 7 in Ranged Weapons
  3365 | D:4      | 3365 ||| READING scroll labelled YRO TEPTIRPH.
  3389 | D:4      | Reached * piety under Okawaru
  3390 | D:4      | 3390 ||| INVOKING Heroism.
  3399 | D:4      | Reached XP level 8. HP: 29/48 MP: 7/9
  3442 | D:4      | 3442 ||| FLEEEEING.
  3458 | D:4      | Reached skill level 8 in Ranged Weapons
  3494 | D:4      | 3494 ||| READING 4 scrolls of identify.
  3494 | D:4      | 3494 ||| IDENTIFYING grey potion
  3497 | D:4      | 3497 ||| Stepping ~*~*~tactically~*~*~ (outnumbered).
  3501 | D:4      | 3501 ||| INVOKING Heroism.
  3504 | D:4      | 3504 ||| Stepping ~*~*~tactically~*~*~ (outnumbered).
  3515 | D:4      | 3515 ||| INVOKING Heroism.
  3570 | D:4      | 3570 ||| FLEEEEING.
  3696 | D:5      | Entered Level 5 of the Dungeon
  3697 | D:5      | Found a snail-covered altar of Cheibriados.
  3804 | D:5      | Reached skill level 1 in Invocations
  4210 | D:5      | You fall into a shaft and drop 2 floors!
  4238 | D:7      | Found a staircase to the Ecumenical Temple.
  4305 | D:7      | 4305 ||| INVOKING Heroism.
  4331 | D:7      | Noticed a +0 hand axe
  4333 | D:7      | Found a hide-covered altar of Uskayaw.
  4333 | D:7      | Noticed a +0 hand axe
  4407 | D:7      | 4407 ||| INVOKING Heroism.
  4408 | D:7      | 4408 ||| INVOKING Heroism.
  4435 | D:7      | Reached skill level 9 in Ranged Weapons
  4521 | D:7      | 4521 ||| INVOKING Heroism.
  4522 | D:7      | Noticed a wyvern
  4525 | D:7      | Noticed a hornet
  4526 | D:7      | Killed a wyvern
  4527 | D:7      | Reached skill level 6 in Fighting
  4527 | D:7      | Reached XP level 9. HP: 50/55 MP: 7/10
  4530 | D:7      | Killed a hornet
  4531 | D:7      | Reached skill level 3 in Invocations
  4860 | D:7      | 4860 ||| UPGRADING to +0 cloak.
  4865 | D:7      | 4865 ||| UPGRADING to amulet of reflection.
  4870 | D:7      | 4870 ||| READING scroll labelled PAEKLY FAMN.
  4871 | D:7      | 4871 ||| READING scroll labelled QUD FALEOLI.
  4872 | D:7      | 4872 ||| READING scroll labelled NUALOG DEDEPO.
  4873 | D:7      | 4873 ||| READING 8 scrolls of identify.
  4873 | D:7      | 4873 ||| IDENTIFYING fizzy ruby potion
  4874 | D:7      | 4874 ||| READING 7 scrolls of identify.
  4874 | D:7      | 4874 ||| IDENTIFYING viscous yellow potion
  4875 | D:7      | 4875 ||| DROPPING potion of lignification.
  4876 | D:7      | 4876 ||| DROPPING potion of attraction.
  4878 | D:7      | 4878 ||| INVOKING Heroism.
  4942 | D:6      | 4942 ||| INVOKING Heroism.
  5157 | D:6      | 5157 ||| READING 6 scrolls of identify.
  5157 | D:6      | 5157 ||| IDENTIFYING black potion
  5158 | D:6      | 5158 ||| READING 5 scrolls of identify.
  5158 | D:6      | 5158 ||| IDENTIFYING blue potion
  5159 | D:6      | 5159 ||| DROPPING potion of degeneration.
  5160 | D:6      | 5160 ||| DROPPING potion of invisibility.
  5299 | D:5      | 5299 ||| READING scroll labelled SEOREPR AREYCH.
  5467 | D:6      | 5467 ||| INVOKING Heroism.
  5471 | D:6      | Reached skill level 10 in Ranged Weapons
  5500 | D:6      | 5500 ||| INVOKING Heroism.
  5654 | D:6      | Found a radiant altar of Vehumet.
  5729 | D:6      | 5729 ||| INVOKING Heroism.
  5945 | D:6      | 5945 ||| UPGRADING to +0 pair of boots.
  6206 | D:8      | Found a staircase to the Lair.
  6231 | D:8      | Reached skill level 3 in Armour
  6290 | D:8      | 6290 ||| Stepping ~*~*~tactically~*~*~ (outnumbered).
  6292 | D:8      | 6292 ||| Stepping ~*~*~tactically~*~*~ (outnumbered).
  6294 | D:8      | 6294 ||| Stepping ~*~*~tactically~*~*~ (outnumbered).
  6308 | D:8      | 6308 ||| INVOKING Heroism.
  6356 | D:8      | 6356 ||| INVOKING Heroism.
  6428 | D:8      | 6428 ||| INVOKING Heroism.
  6488 | D:8      | Found a flagged portal.
  6567 | D:8      | Reached skill level 11 in Ranged Weapons
  6587 | D:8      | Reached XP level 10. HP: 63/63 MP: 13/13
  6597 | D:8      | 6597 ||| INVOKING Heroism.
  6602 | D:8      | Reached skill level 3 in Dodging
  6774 | D:8      | Reached ** piety under Okawaru
  7016 | D:8      | Found Socheor's Assorted Antiques.
  7025 | D:8      | 7025 ||| BUYING potion of curing (90 gold).
  7025 | D:8      | Bought a potion of curing for 90 gold pieces
  7025 | D:8      | 7025 ||| BUYING runed helmet (225 gold).
  7025 | D:8      | Bought a runed helmet for 225 gold pieces
  7025 | D:8      | 7025 ||| BUYING scroll of identify (60 gold).
  7025 | D:8      | Bought a scroll of identify for 60 gold pieces
  7025 | D:8      | 7025 ||| PLANNING LAIR
  7025 | D:8      | 7025 ||| UPGRADING to +1 helmet of intelligence.
  7083 | Lair:1   | Entered Level 1 of the Lair of Beasts
  7113 | Lair:1   | 7113 ||| INVOKING Heroism.
  7188 | Lair:1   | Reached skill level 12 in Ranged Weapons
  7257 | Lair:1   | 7257 ||| INVOKING Heroism.
  7259 | Lair:1   | HP: 14/64 [wyvern (14)]
  7260 | Lair:1   | 7260 ||| READING scroll of teleportation.
  7261 | Lair:1   | 7261 ||| DRINKING 4 potions of heal wounds.
  7342 | Lair:1   | Reached *** piety under Okawaru
  7369 | Lair:1   | Noticed a black mamba
  7370 | Lair:1   | 7370 ||| INVOKING Heroism.
  7375 | Lair:1   | Killed a black mamba
  7414 | Lair:1   | Reached skill level 13 in Ranged Weapons
  7416 | Lair:1   | 7416 ||| INVOKING Heroism.
  7422 | Lair:1   | Reached XP level 11. HP: 69/69 MP: 11/14
  7428 | Lair:1   | Reached skill level 9 in Fighting
  7592 | Lair:1   | 7592 ||| INVOKING Heroism.
  7671 | Lair:1   | Noticed a five-headed hydra
  7672 | Lair:1   | 7672 ||| INVOKING Heroism.
  7679 | Lair:1   | Killed a five-headed hydra
  7679 | Lair:1   | Reached **** piety under Okawaru
  7887 | Lair:1   | 7887 ||| INVOKING Heroism.
  8083 | Lair:1   | 8083 ||| UPGRADING to +0 pair of gloves.
  8199 | Lair:1   | 8199 ||| DRINKING 2 yellow potions.
  8201 | Lair:1   | 8201 ||| INVOKING Heroism.
  8393 | Lair:2   | 8393 ||| INVOKING Heroism.
  8396 | Lair:2   | Reached skill level 14 in Ranged Weapons
  8448 | Lair:2   | Noticed a four-headed hydra
  8449 | Lair:2   | 8449 ||| INVOKING Heroism.
  8455 | Lair:2   | Killed a four-headed hydra
  8456 | Lair:2   | Reached skill level 6 in Armour
  8571 | Lair:2   | 8571 ||| INVOKING Heroism.
  8617 | Lair:2   | Found a staircase to the Shoals.
  8652 | Lair:2   | Reached skill level 6 in Invocations
  8656 | Lair:2   | 8656 ||| INVOKING Heroism.
  8710 | Lair:2   | Found a staircase to the Snake Pit.
  8845 | Lair:2   | Reached XP level 12. HP: 77/77 MP: 15/17
  8868 | Lair:2   | 8868 ||| INVOKING Heroism.
  9029 | Lair:2   | 9029 ||| INVOKING Heroism.
  9059 | Lair:2   | Noticed Maggie
  9064 | Lair:2   | 9064 ||| INVOKING Heroism.
  9066 | Lair:2   | Killed Maggie
  9332 | Lair:2   | 9332 ||| UPGRADING to +0 steam dragon scales.
  9342 | Lair:2   | 9342 ||| DROPPING +0 ring mail.
  9343 | Lair:2   | 9343 ||| UPGRADING to ring of willpower.
  9383 | Lair:3   | 9383 ||| INVOKING Heroism.
  9416 | Lair:3   | 9416 ||| INVOKING Heroism.
  9436 | Lair:3   | HP: 17/77 [rime drake/icy flash freeze (9)]
  9437 | Lair:3   | 9437 ||| DRINKING 3 potions of heal wounds.
  9439 | Lair:3   | Received a gift from Okawaru
  9657 | Lair:3   | Noticed a four-headed hydra
  9658 | Lair:3   | 9658 ||| INVOKING Heroism.
  9662 | Lair:3   | Killed a four-headed hydra
  9662 | Lair:3   | Received a gift from Okawaru
  9693 | Lair:3   | Noticed a death yak
  9694 | Lair:3   | Noticed a death yak
  9694 | Lair:3   | Noticed a death yak
  9695 | Lair:3   | Noticed a death yak
  9695 | Lair:3   | Noticed a death yak
  9699 | Lair:3   | 9699 ||| INVOKING Heroism.
  9703 | Lair:3   | Killed a death yak
  9704 | Lair:3   | Reached skill level 9 in Invocations
  9709 | Lair:3   | Killed a death yak
  9713 | Lair:3   | Killed a death yak
  9715 | Lair:3   | HP: 12/77 [death yak (16)]
  9716 | Lair:3   | 9716 ||| DRINKING 2 potions of heal wounds.
  9717 | Lair:3   | 9717 ||| DRINKING potion of heal wounds.
  9723 | Lair:3   | Killed a death yak
  9724 | Lair:3   | HP: 9/77 [death yak (20)]
  9726 | Lair:3   | Slain by a death yak

Levels and vault maps discovered:
D:1:      mrwooster_arrival_statue, layout_basic,
          corexii_item_surrounded_by_moat, minmay_tromino_i4
D:2:      layout_basic
D:3:      layout_loops_cross, mainiacjoe_overflow_alcove_2, serial_shops, shop,
          shapermc_ecumenical_altar_venn, gammafunk_ghost_necromancy,
          kennysheep_generic_room_3
D:4:      lemuel_castle_with_subvaults [lemuel_castle_interior_carwin_1],
          layout_loops_ring, zin_purify, okawaru_ov_weapons_minmay,
          mainiacjoe_overflow_concentric_impassable,
          ebering_dispersal_statue_hall
D:5:      layout_loops_ring, mainiacjoe_overflow_alcove_1
D:6:      layout_layer_cave, nicolae_vehumet_altar_sigil
D:7:      layout_cave_pods, dancing_weapons_uskayaw,
          minmay_temple_entry_butterflies
D:8:      layout_rooms, dpeg_oklobed_lair, serial_shops, nicolae_lakefront_shop,
          enter_bailey_5
Lair:1:   layout_misc_corridors, minmay_shattered_shrine, grunt_megastairs_3
Lair:2:   layout_long_grid, elwin_shoals_entry_rocks,
          minmay_snake_entry_six_corridors, infiniplex_staircase_pool_2,
          uniq_maggie
Lair:3:   layout_gridlike, portal_ice_cave_demonic_guard

Skill      XL: |  1  2  3  4  5  6  7  8  9 10 11 12 |
---------------+-------------------------------------+-----
Ranged Weapons | 3 4 5 6 7 9 11 13 14 | 14.9
Fighting       | 2 3 4 6 7 8 10 | 10.0
Armour         | 1 2 3 4 6 |  6.0
Invocations    | 2 4 6 9 |  9.6
Dodging        | 2 3 4 |  4.0
Spellcasting   | |  1.0
Hexes          | |  2.6

Action                     |  1- 3 |  4- 6 |  7- 9 | 10-12 || total
---------------------------+-------+-------+-------+-------++-------
   Fire: Sling             |    83 |    22 |       |       ||   105
         Arbalest          |       |    67 |   287 |   296 ||   650
 Invoke: Heroism           |       |       |    14 |    20 ||    34
    Use: Scroll            |     5 |     6 |    10 |     1 ||    22
         Potion            |     1 |       |       |     5 ||     6
 Armour: Robe              |     5 |       |       |       ||     5
         Leather armour    |     9 |     5 |       |       ||    14
         Ring mail         |       |     7 |    45 |    53 ||   105
         Steam dragon scal |       |       |       |    49 ||    49
  Dodge: Dodged            |    27 |    10 |    82 |   156 ||   275
  Block: Other             |       |       |     8 |    45 ||    53
         Reflection        |       |       |     2 |       ||     2

Table legend:
 A = Non-vault XP
 B = Vault XP
 C = Vault XP percentage of total XP
 D = Non-vault monster count
 E = Vault monster count
 F = Vault count percentage of total count
                 A         B        C        D         E       F
            +---------+---------+-------+---------+---------+-------
      Total |   21866 |    6451 |  22.8 |     199 |      86 |  30.2
            +---------+---------+-------+---------+---------+-------
        D:1 |      16 |       7 |  30.4 |       8 |       4 |  33.3
        D:2 |      77 |       0 |   0.0 |      20 |       0 |   0.0
        D:3 |      76 |       2 |   2.6 |      18 |       2 |  10.0
        D:4 |     593 |     651 |  52.3 |      20 |      55 |  73.3
        D:5 |     317 |       0 |   0.0 |       9 |       0 |   0.0
        D:6 |     727 |       0 |   0.0 |      13 |       0 |   0.0
        D:7 |    1217 |       0 |   0.0 |      21 |       0 |   0.0
        D:8 |    2508 |       8 |   0.3 |      39 |       4 |   9.3
     Lair:1 |    4547 |    3596 |  44.2 |      20 |      10 |  33.3
     Lair:2 |    3427 |    2187 |  39.0 |      12 |      11 |  47.8
     Lair:3 |    8361 |       0 |   0.0 |      19 |       0 |   0.0
            +---------+---------+-------+---------+---------+-------
